TOP OF THE 1ST |
Pompano Beach Stingrays batting - Pitching for Tampa Pirates : RHP Andre Patillo
|
Pitching: RHP Andre Patillo
|
|
Batting: RHB Jorge Villalobos
|
0-0: Ground out 5-3 (Groundball, 56S, EV 83.1 MPH)
|
Batting: SHB Gene Roof
|
0-0: Called Strike 0-1: DOUBLE (Line Drive, 7LD, EV 101.3 MPH)
|
Batting: RHB Lance Junker
|
0-0: Called Strike 0-1: Foul Ball, location: 2F 0-2: Ball 1-2: Ground out 4-3 (Groundball, 4, EV 80.6 MPH) Gene Roof to third
|
Batting: LHB Arnold McCrary
|
0-0: Foul Ball, location: 2F 0-1: Fly out, F4 (Popup, 4D, EV 58.8 MPH)
|
Top of the 1st over - 0 runs, 1 hit, 0 errors, 1 left on base; Pompano Beach 0 - Tampa 0 |
BOTTOM OF THE 1ST |
Tampa Pirates batting - Pitching for Pompano Beach Stingrays : RHP Mark Gubicza
|
Pitching: RHP Mark Gubicza
|
|
Batting: RHB Erwin Bryant
|
0-0: Ground out 6-3 (Groundball, 6, EV 80.0 MPH)
|
Batting: RHB Ricky Jones
|
0-0: Called Strike 0-1: Called Strike 0-2: SINGLE (Flyball, 6D, EV 90.6 MPH)
|
Batting: LHB Pedro Nunez
|
0-0: Ball Ricky Jones steals 2nd base 1-0: Foul Ball, location: 2F 1-1: Ball 2-1: Foul Ball, location: 2F 2-2: Reached on error, E5 (Groundball, 56S, EV 71.3 MPH) Ricky Jones to third
|
Batting: LHB David Frederick
|
0-0: Foul Ball, location: 2F 0-1: Called Strike 0-2: Fielders Choice at 2nd, 4-6 (Groundball, 4D, EV 105.6 MPH) Ricky Jones scores
|
Batting: RHB Cliff Pastornicky
|
0-0: Ball 1-0: Ball 2-0: Called Strike 2-1: Called Strike 2-2: Foul Ball, location: 2F 2-2: Ball 3-2: Foul Ball, location: 2F 3-2: Base on Balls David Frederick to second
|
Batting: LHB Alfredo Rodriguez
|
0-0: Swinging Strike 0-1: Called Strike 0-2: Ground out 4-3 (Groundball, 4, EV 81.9 MPH)
|
Bottom of the 1st over - 1 run, 1 hit, 1 error, 2 left on base; Pompano Beach 0 - Tampa 1 |
TOP OF THE 2ND |
Pompano Beach Stingrays batting - Pitching for Tampa Pirates : RHP Andre Patillo
|
Batting: SHB Juan Molina
|
0-0: Ball 1-0: Ball 2-0: Ball 3-0: Base on Balls
|
Batting: LHB Steve Phillips
|
0-0: Called Strike 0-1: Swinging Strike 0-2: Strikes out swinging
|
Batting: SHB Maury Ornest
|
0-0: Called Strike 0-1: Swinging Strike 0-2: Ball 1-2: Ball 2-2: Ball 3-2: DOUBLE (Groundball, 3L, EV 96.9 MPH) Juan Molina to third
|
Batting: RHB William Waag
|
0-0: Ball 1-0: Foul Ball, location: 2F 1-1: Ground out U3 (Groundball, 3, EV 90.6 MPH)
|
Batting: RHB Jimmy Thomas
|
0-0: Called Strike 0-1: Swinging Strike 0-2: Foul Ball, location: 2F 0-2: Strikes out looking
|
Top of the 2nd over - 0 runs, 1 hit, 0 errors, 2 left on base; Pompano Beach 0 - Tampa 1 |
BOTTOM OF THE 2ND |
Tampa Pirates batting - Pitching for Pompano Beach Stingrays : RHP Mark Gubicza
|
Batting: RHB Dale Eiler
|
0-0: Ball 1-0: Fly out, F7 (Flyball, 7D, EV 95.6 MPH)
|
Batting: RHB Roy Dixon
|
0-0: Ground out 5-3 (Groundball, 56, EV 83.1 MPH)
|
Batting: LHB Charles Rouse
|
0-0: Ball 1-0: Foul Ball, location: 2F 1-1: Fly out, F7 (Flyball, 7LM, EV 81.3 MPH)
|
Bottom of the 2nd over - 0 runs, 0 hits, 0 errors, 0 left on base; Pompano Beach 0 - Tampa 1 |
TOP OF THE 3RD |
Pompano Beach Stingrays batting - Pitching for Tampa Pirates : RHP Andre Patillo
|
Batting: RHB Jorge Villalobos
|
0-0: Foul Ball, location: 2F 0-1: Ball 1-1: Ball 2-1: Ball 3-1: Reached on error, E5 (Groundball, 5, EV 86.3 MPH)
|
Batting: SHB Gene Roof
|
0-0: Ball Jorge Villalobos is caught stealing 2nd base 2-6 1-0: Ground out 4-3 (Groundball, 4, EV 88.1 MPH)
|
Batting: RHB Lance Junker
|
0-0: Called Strike 0-1: SOLO HOME RUN (Flyball, 7LD, EV 105.6 MPH), Distance : 347 ft
|
Batting: LHB Arnold McCrary
|
0-0: Swinging Strike 0-1: Ball 1-1: Ball 2-1: Called Strike 2-2: Ball 3-2: Strikes out swinging
|
Top of the 3rd over - 1 run, 1 hit, 1 error, 0 left on base; Pompano Beach 1 - Tampa 1 |
BOTTOM OF THE 3RD |
Tampa Pirates batting - Pitching for Pompano Beach Stingrays : RHP Mark Gubicza
|
Batting: RHB Erwin Bryant
|
0-0: Fly out, F6 (Popup, 6S, EV 80.0 MPH)
|
Batting: RHB Ricky Jones
|
0-0: Ball 1-0: Called Strike 1-1: Called Strike 1-2: Foul Ball, location: 2F 1-2: Strikes out swinging
|
Batting: LHB Pedro Nunez
|
0-0: Ball 1-0: Ground out 4-3 (Groundball, 4, EV 110.6 MPH)
|
Bottom of the 3rd over - 0 runs, 0 hits, 0 errors, 0 left on base; Pompano Beach 1 - Tampa 1 |
TOP OF THE 4TH |
Pompano Beach Stingrays batting - Pitching for Tampa Pirates : RHP Andre Patillo
|
Batting: SHB Juan Molina
|
0-0: Fly out, F7 (Flyball, 78M, EV 73.1 MPH)
|
Batting: LHB Steve Phillips
|
0-0: Ball 1-0: Foul Ball, location: 2F 1-1: Ground out 4-3 (Groundball, 4, EV 84.4 MPH)
|
Batting: SHB Maury Ornest
|
0-0: Ball 1-0: Called Strike 1-1: Fly out, F8 (Flyball, 89M, EV 88.1 MPH)
|
Top of the 4th over - 0 runs, 0 hits, 0 errors, 0 left on base; Pompano Beach 1 - Tampa 1 |
BOTTOM OF THE 4TH |
Tampa Pirates batting - Pitching for Pompano Beach Stingrays : RHP Mark Gubicza
|
Batting: LHB David Frederick
|
0-0: Foul Ball, location: 2F 0-1: Ground out 5-3 (Groundball, 5, EV 101.9 MPH)
|
Batting: RHB Cliff Pastornicky
|
0-0: Ball 1-0: Called Strike 1-1: Swinging Strike 1-2: Foul Ball, location: 2F 1-2: Ground out 4-3 (Groundball, 4S, EV 86.9 MPH)
|
Batting: LHB Alfredo Rodriguez
|
0-0: Foul Ball, location: 2F 0-1: Fly out, F7 (Flyball, 7D, EV 89.4 MPH)
|
Bottom of the 4th over - 0 runs, 0 hits, 0 errors, 0 left on base; Pompano Beach 1 - Tampa 1 |
TOP OF THE 5TH |
Pompano Beach Stingrays batting - Pitching for Tampa Pirates : RHP Andre Patillo
|
Batting: RHB William Waag
|
0-0: Foul Ball, location: 2F 0-1: Ball 1-1: Ball 2-1: Ball 3-1: SINGLE (Groundball, 56, EV 109.4 MPH)
|
Batting: RHB Jimmy Thomas
|
0-0: Ball William Waag steals 2nd base 1-0: Foul Ball, location: 2F 1-1: Foul Ball, location: 2F 1-2: Foul Ball, location: 2F 1-2: Ball 2-2: Foul Ball, location: 2F 2-2: Ground out 5-3 (Groundball, 56S, EV 87.5 MPH)
|
Batting: RHB Jorge Villalobos
|
0-0: Called Strike William Waag steals 3rd base 0-1: Fly out, F9 (Flyball, 9LS, EV 70.6 MPH) Runner from 3rd tags up, SCORES, throw by RF
|
Batting: SHB Gene Roof
|
0-0: Ball 1-0: Foul Ball, location: 2F 1-1: Foul Ball, location: 2F 1-2: Foul Ball, location: 2F 1-2: Ball 2-2: Strikes out looking
|
Top of the 5th over - 1 run, 1 hit, 0 errors, 0 left on base; Pompano Beach 2 - Tampa 1 |
BOTTOM OF THE 5TH |
Tampa Pirates batting - Pitching for Pompano Beach Stingrays : RHP Mark Gubicza
|
Batting: RHB Dale Eiler
|
0-0: Called Strike 0-1: Foul Ball, location: 2F 0-2: Ball 1-2: SINGLE (Groundball, 34D, EV 102.5 MPH)
|
Batting: RHB Roy Dixon
|
0-0: Bunted foul 0-1: Ball 1-1: Bunt missed! 1-2: Ball 2-2: Ball 3-2: Strikes out swinging
|
Batting: LHB Charles Rouse
|
0-0: Called Strike 0-1: Ball 1-1: Ball 2-1: Foul Ball, location: 2F 2-2: Ground out 3-1 (Groundball, 34S, EV 86.3 MPH) Dale Eiler to second
|
Batting: RHB Erwin Bryant
|
0-0: Called Strike 0-1: Called Strike 0-2: Strikes out swinging
|
Bottom of the 5th over - 0 runs, 1 hit, 0 errors, 1 left on base; Pompano Beach 2 - Tampa 1 |
TOP OF THE 6TH |
Pompano Beach Stingrays batting - Pitching for Tampa Pirates : RHP Andre Patillo
|
Batting: RHB Lance Junker
|
0-0: SINGLE (Groundball, 4MD, EV 110.0 MPH)
|
Batting: LHB Arnold McCrary
|
0-0: Called Strike Lance Junker steals 2nd base 0-1: Ball 1-1: Ball 2-1: SINGLE (Flyball, 8LS, EV 92.5 MPH) Lance Junker to third Runner from 3rd tries for Home, throw by CF and OUT! 8-2
|
Batting: SHB Juan Molina
|
0-0: Called Strike 0-1: Called Strike 0-2: Fly out, F7 (Flyball, 7S, EV 90.0 MPH)
|
Batting: LHB Steve Phillips
|
0-0: Ball Arnold McCrary steals 2nd base 1-0: Ball 2-0: Foul Ball, location: 2F 2-1: Ball 3-1: Base on Balls
|
Batting: SHB Maury Ornest
|
0-0: Called Strike 0-1: Ground out U3 (Groundball, 34, EV 91.9 MPH)
|
Top of the 6th over - 0 runs, 2 hits, 0 errors, 2 left on base; Pompano Beach 2 - Tampa 1 |
BOTTOM OF THE 6TH |
Tampa Pirates batting - Pitching for Pompano Beach Stingrays : RHP Mark Gubicza
|
Batting: RHB Ricky Jones
|
0-0: Called Strike 0-1: DOUBLE (Groundball, 5L, EV 103.1 MPH)
|
Batting: LHB Pedro Nunez
|
0-0: Fly out, F4 (Popup, 23, EV 88.8 MPH)
|
Batting: LHB David Frederick
|
0-0: Ball 1-0: Ball Wild Pitch! Ricky Jones to third 2-0: Ball 3-0: Ground out U3 (Groundball, 34, EV 89.4 MPH)
|
Batting: RHB Cliff Pastornicky
|
0-0: Ball 1-0: Foul Ball, location: 2F 1-1: Ball 2-1: Ball 3-1: Foul Ball, location: 2F 3-2: Ground out 6-3 (Groundball, 56, EV 86.3 MPH)
|
Bottom of the 6th over - 0 runs, 1 hit, 0 errors, 1 left on base; Pompano Beach 2 - Tampa 1 |
TOP OF THE 7TH |
Pompano Beach Stingrays batting - Pitching for Tampa Pirates : RHP Andre Patillo
|
Batting: RHB William Waag
|
0-0: Ball 1-0: Swinging Strike 1-1: Fly out, F6 (Popup, 6M, EV 54.4 MPH)
|
Batting: RHB Jimmy Thomas
|
0-0: Called Strike 0-1: Called Strike 0-2: Foul Ball, location: 2F 0-2: Strikes out swinging
|
Batting: RHB Jorge Villalobos
|
0-0: Called Strike 0-1: Ball 1-1: Ball 2-1: Foul Ball, location: 2F 2-2: Fly out, F9 (Line Drive, 9, EV 86.3 MPH)
|
Top of the 7th over - 0 runs, 0 hits, 0 errors, 0 left on base; Pompano Beach 2 - Tampa 1 |
BOTTOM OF THE 7TH |
Tampa Pirates batting - Pitching for Pompano Beach Stingrays : RHP Mark Gubicza
|
Batting: LHB Alfredo Rodriguez
|
0-0: Called Strike 0-1: Ball 1-1: Foul Ball, location: 2F 1-2: Ball 2-2: Strikes out swinging
|
Batting: RHB Dale Eiler
|
0-0: Ball 1-0: Called Strike 1-1: Called Strike 1-2: Ball 2-2: Ball 3-2: Base on Balls
|
Batting: RHB Roy Dixon
|
0-0: Fielders Choice at 2nd, 1-4 (Groundball, 15S, EV 65.0 MPH)
|
Pinch Hitting: RHB Rico Sutton
|
0-0: SINGLE (Flyball, 4D, EV 93.8 MPH) Roy Dixon to second Runner from 2nd tries for 3rd, SAFE, no throw by CF
|
Batting: RHB Erwin Bryant
|
0-0: Called Strike 0-1: Ball 1-1: Ball 2-1: Called Strike 2-2: Ball 3-2: Base on Balls Rico Sutton to second
|
Batting: RHB Ricky Jones
|
0-0: Ball 1-0: Ground out 4-3 (Groundball, 34, EV 101.9 MPH)
|
Bottom of the 7th over - 0 runs, 1 hit, 0 errors, 3 left on base; Pompano Beach 2 - Tampa 1 |
TOP OF THE 8TH |
Pompano Beach Stingrays batting - Pitching for Tampa Pirates : RHP Andre Patillo
|
Now at 2B: Gregg Creten
|
|
Batting: SHB Gene Roof
|
0-0: SINGLE (Flyball, 89S, EV 93.1 MPH)
|
Batting: RHB Lance Junker
|
0-0: Ball 1-0: Ball 2-0: Ball 3-0: Base on Balls Gene Roof to second
|
Batting: LHB Arnold McCrary
|
0-0: Called Strike 0-1: Ball 1-1: Ball 2-1: Foul Ball, location: 2F 2-2: Reached on error, E6 (Groundball, 6, EV 86.9 MPH) Gene Roof to third Lance Junker to second
|
Batting: SHB Juan Molina
|
0-0: Fly out, F8 (Flyball, 8LD, EV 88.8 MPH) Runner from 3rd tags up, SCORES, no throw by CF
|
Batting: LHB Steve Phillips
|
0-0: Called Strike 0-1: Swinging Strike 0-2: Ball 1-2: Foul Ball, location: 2F 1-2: Ball 2-2: Ball 3-2: Foul Ball, location: 2F 3-2: Fielders Choice at 2nd, 2-4 (Groundball, 2L, EV 71.3 MPH) Lance Junker to third
|
Batting: SHB Maury Ornest
|
0-0: Called Strike 0-1: Ball 1-1: Ball 2-1: Foul Ball, location: 2F 2-2: Foul Ball, location: 2F 2-2: Ball 3-2: Strikes out swinging
|
Top of the 8th over - 1 run, 1 hit, 1 error, 2 left on base; Pompano Beach 3 - Tampa 1 |
BOTTOM OF THE 8TH |
Tampa Pirates batting - Pitching for Pompano Beach Stingrays : RHP Mark Gubicza
|
Batting: LHB Pedro Nunez
|
0-0: Ball 1-0: Ball 2-0: Ground out 3-1 (Groundball, 34, EV 96.3 MPH)
|
Batting: LHB David Frederick
|
0-0: Called Strike 0-1: Swinging Strike 0-2: SINGLE (Groundball, 4MD, EV 85.0 MPH) (infield hit)
|
Batting: RHB Cliff Pastornicky
|
0-0: Grounds into double play, 6-4-3 (Groundball, 6, EV 88.1 MPH)
|
Bottom of the 8th over - 0 runs, 1 hit, 0 errors, 0 left on base; Pompano Beach 3 - Tampa 1 |
TOP OF THE 9TH |
Pompano Beach Stingrays batting - Pitching for Tampa Pirates : RHP Andre Patillo
|
Batting: RHB William Waag
|
0-0: Ball 1-0: Ground out U3 (Groundball, 34, EV 87.5 MPH)
|
Batting: RHB Jimmy Thomas
|
0-0: Foul Ball, location: 2F 0-1: Ball 1-1: Ground out 6-3 (Groundball, 6, EV 103.1 MPH)
|
Batting: RHB Jorge Villalobos
|
0-0: Called Strike 0-1: Ball 1-1: Ball 2-1: Fly out, F8 (Flyball, 8LM, EV 86.9 MPH)
|
Top of the 9th over - 0 runs, 0 hits, 0 errors, 0 left on base; Pompano Beach 3 - Tampa 1 |
BOTTOM OF THE 9TH |
Tampa Pirates batting - Pitching for Pompano Beach Stingrays : RHP Mark Gubicza
|
Pitching: RHP Don Kainer
|
|
Batting: LHB Alfredo Rodriguez
|
0-0: Ball 1-0: Fly out, F5 (Popup, 56, EV 65.6 MPH)
|
Batting: RHB Dale Eiler
|
0-0: Ball 1-0: Called Strike 1-1: Swinging Strike 1-2: Ground out 3-1 (Groundball, 34, EV 80.6 MPH)
|
Batting: RHB Roy Dixon
|
0-0: Ball 1-0: Called Strike 1-1: Ball 2-1: Ball 3-1: Base on Balls
|
Pinch Hitting: RHB Steven Young
|
0-0: Swinging Strike 0-1: Ball 1-1: Ball 2-1: Foul Ball, location: 2F 2-2: Foul Ball, location: 2F 2-2: Ball 3-2: Base on Balls Roy Dixon to second
|
Batting: RHB Erwin Bryant
|
0-0: Ball 1-0: Reached on error, E5 (Groundball, 56, EV 83.1 MPH) Roy Dixon to third Steven Young to second
|
Batting: RHB Ricky Jones
|
0-0: Foul Ball, location: 2F 0-1: Ball 1-1: Fly out, F7 (Line Drive, 7D, EV 106.9 MPH)
|
Bottom of the 9th over - 0 runs, 0 hits, 1 error, 3 left on base; Pompano Beach 3 - Tampa 1 |
|